 Dungeon Crawl Stone Soup version 0.25-a0-316-gd28d56f9c5 (webtiles) character file.

Game seed: 7402193495240674180, levelgen mode: classic

6579 Borgoz the Carver (level 11, -11/60 HPs)
             Began as a Gargoyle Berserker on Dec 24, 2019.
             Was an Elder of Trog.
             Mangled by a large abomination (14 damage)
             ... in a Gauntlet.
             The game lasted 00:17:07 (9731 turns).

Borgoz the Carver (Gargoyle Berserker)              Turns: 9731, Time: 00:17:08

Health: -11/60     AC: 20    Str: 26    XL:     11   Next: 1%
Magic:  11/11      EV: 16    Int:  8    God:    Trog [****..]
Gold:   533        SH:  0    Dex: 12    Spells: 10/10 levels left

rFire    + + .     SeeInvis .   a - +1 falchion
rCold    + . .     Gourm    .   (no shield)
rNeg     + . .     Faith    .   F - +2 ring mail {rF+}
rPois    ∞         Spirit   .   K - +2 helmet
rElec    +         Reflect  .   (no cloak)
rCorr    +         Harm     .   (no gloves)
MR       ++...     NoTele   +   (no boots)
Stlth    ++........             (no amulet)
HPRegen  1.20/turn              E - +5 ring of strength
MPRegen  0.12/turn              G - ring of stealth

@: resistant, berserk cooldown, starving, regenerating, slowed, very slow
A: negative energy resistance 1, electricity resistance, unbreathing,
petrification resistance, rot immunity, AC +8
a: Berserk, Trog's Hand, Brothers in Arms, Renounce Religion


You were in a Gauntlet.
You worshipped Trog.
Trog was greatly pleased with you.
You were starving.

You visited 1 branch of the dungeon, and saw 11 of its levels.
You also visited: Gauntlet.

You collected 533 gold pieces.

Inventory:

Hand Weapons
 a - a +1 falchion (weapon)
Missiles
 x - 3 throwing nets (quivered)
Armour
 t - a +0 helmet of intelligence
 F - a +2 ring mail of fire resistance (worn)
 K - a +2 helmet (worn)
Jewellery
 n - an uncursed ring of fire
 E - a +5 ring of strength (left hand)
 G - a ring of stealth (right hand)
 M - an uncursed ring of fire
Wands
 s - a wand of flame (17)
 w - a wand of random effects (28)
 y - a wand of disintegration (23)
 H - a wand of paralysis (9)
 J - a wand of polymorph (12)
Scrolls
 b - 2 scrolls of fear {unknown}
 g - 2 scrolls of fog {unknown}
 h - 3 scrolls of teleportation
 i - 8 scrolls of remove curse
 m - 2 scrolls of enchant armour {unknown}
 p - 2 scrolls of amnesia {unknown}
 r - a scroll of enchant weapon
Potions
 d - a potion of ambrosia {unknown}
 e - 6 potions of cancellation
 f - 2 potions of flight
 j - a potion of berserk rage
 k - 4 potions of curing
 o - a potion of haste {unknown}
 q - 2 potions of might {unknown}
 z - a potion of degeneration {unknown}
 A - a potion of agility {unknown}
 B - a potion of mutation
 L - a potion of magic {unknown}
Comestibles
 c - 21 rations


   Skills:
 - Level 3.2 Fighting
 * Level 9.9 Long Blades
 + Level 8.3 Armour
 * Level 9.0 Dodging


You had 10 spell levels left.
You didn't know any spells.
Your spell library was empty.

Dungeon Overview and Level Annotations

Branches:
Dungeon (11/15)            Temple (0/1) D:5             Orc (0/2) D:9
Gauntlet (1/1)
   Lair: D:8-11

Altars:
Makhleb
Qazlal
Trog
Zin
The Shining One

Shops:
D:5 *

Annotations:
Gauntlet 10 transporters, 4 runed translucent doors


Innate Abilities, Weirdness & Mutations

You are resistant to torment.
Your stone body is resilient. (AC +8)
You are immune to poison.
You resist negative energy. (rN+)
You are resistant to electric shocks. (rElec)
You can survive without breathing.
You are immune to petrification.
You are immune to rotting.


Message History

The small abomination closely misses you.
You riposte.
You slash the small abomination!
The small abomination is moderately damaged.
The small abomination completely misses you.
You riposte.
You hit the small abomination but do no damage.
The small abomination is moderately damaged.
The large abomination closely misses you.
There is a transporter here.
You enter the transporter and appear at another place.
The small abomination hits you!
* * * LOW HITPOINT WARNING * * *
The large abomination misses you.
The small abomination barely misses you.
Unknown command.
Okay, then.
It was a potion of resistance.
You feel protected. The large abomination hits you!
You die...

.#...#.###.#y#...#([#.##.#...##
..#y#.⌠.#..#....#.∩.≈##
#####...#########...≈≈##
......⌠.#.........⌠.≈≈≈#
#####...#########...≈≈##
..WW#.⌠.#...##..#.∩.≈##
.#...#$#####W#...###...#.#...##
##.⌠.#©#....W#.⌠x#..#..#.#..##
.#©.©###.#####©X@#§.#©#..#©##
######...#^.^#####(#..#..#.≈##
.#...#.###.#.#...#.#...###.≈≈#
##.⌠.#W+..^#©#.⌠.#..##...#.≈##
##...#########...#########.##
...........................≈#
≈#≈≈≈#≈≈≈#≈≈≈#≈≈≈#≈≈≈#≈≈≈#≈≈≈#
###≈###≈###≈###≈###≈###≈###≈##
# ### ### ### ### ### ### ##


You could see a large abomination, a hornet, a small abomination and 4 shadows.

Vanquished Creatures
  Nergalle (D:10)
  Grinder (D:5)
  A hippogriff (D:7)
  3 small abominations (Gauntlet)
  4 hogs (D:7)
  A human (D:7)
  Grum (D:9)
  3 hungry ghosts
  A black bear (D:6)
  2 phantoms
  An ice beast (D:5)
  3 orc warriors (D:9)
  2 sky beasts
  A necrophage (D:5)
  4 wolves (D:9)
  5 ogres
  A bullfrog (D:7)
  4 scorpions
  8 killer bees
  2 howler monkeys (D:7)
  4 crimson imps
  8 hounds
  A centaur skeleton (D:4)
  A gnoll shaman (D:5)
  6 orc priests
  2 bullfrog skeletons
  A jelly (D:9)
  12 orc wizards
  5 iguanas
  Natasha (thrice) (D:4)
  6 worker ants
  2 killer bee zombies
  3 hound zombies
  A howler monkey zombie (D:10)
  11 gnolls
  9 adders
  A shadow imp (D:9)
  An adder skeleton (D:8)
  4 worms
  7 dart slugs
  6 leopard geckos
  72 orcs
  8 bats
  4 giant cockroaches
  7 goblins
  11 hobgoblins
  11 jackals
  5 kobolds
  3 quokkas
  6 frilled lizards
  A jackal skeleton (D:5)
  A leopard gecko skeleton (D:4)
  10 rats
282 creatures vanquished.

Vanquished Creatures (others)
  An orc (D:10)
1 creature vanquished.

Grand Total: 283 creatures vanquished

Notes
Turn   | Place    | Note
-------+----------+-------------------------------------------
     0 | D:1      | Borgoz the Gargoyle Berserker began the quest for the Orb.
     0 | D:1      | Reached XP level 1. HP: 14/14 MP: 1/1
   104 | D:1      | Reached XP level 2. HP: 17/19 MP: 2/2
   371 | D:1      | Reached XP level 3. HP: 23/23 MP: 3/3
   809 | D:2      | Reached ** piety under Trog
   991 | D:2      | HP: 1/23 [adder (4)]
   994 | D:2      | Reached XP level 4. HP: 1/28 MP: 4/4
  1653 | D:2      | Found a faded altar of an unknown god.
  1762 | D:3      | Reached XP level 5. HP: 32/32 MP: 5/5
  2089 | D:3      | Found a glowing silver altar of Zin.
  2288 | D:3      | Reached *** piety under Trog
  2414 | D:4      | Noticed a phantom
  2423 | D:4      | Noticed Natasha
  2443 | D:4      | Killed Natasha
  2443 | D:4      | Reached XP level 6. HP: 14/37 MP: 6/6
  2464 | D:4      | HP: 2/55 [phantom (4)]
  2470 | D:4      | Killed a phantom
  2635 | D:4      | Noticed Natasha
  2664 | D:4      | Reached skill level 5 in Long Blades
  2664 | D:4      | Reached XP level 7. HP: 41/41 MP: 7/7
  2686 | D:4      | Killed Natasha
  2824 | D:4      | Noticed Natasha
  2836 | D:4      | Killed Natasha
  3448 | D:4      | Found a stormy altar of Qazlal.
  3521 | D:5      | Entered Level 5 of the Dungeon
  3594 | D:5      | Reached XP level 8. HP: 12/46 MP: 8/8
  3598 | D:5      | Reached skill level 5 in Dodging
  3609 | D:5      | Reached skill level 5 in Armour
  3883 | D:5      | Found a staircase to the Ecumenical Temple.
  3953 | D:5      | Noticed Grinder
  3955 | D:5      | Found Pada's Elemental Accessories.
  3971 | D:5      | Killed Grinder
  4390 | D:5      | Reached XP level 9. HP: 51/51 MP: 9/9
  4703 | D:6      | Found a bloodstained altar of Trog.
  4948 | D:6      | Reached **** piety under Trog
  6037 | D:7      | Reached XP level 10. HP: 56/56 MP: 10/10
  6557 | D:7      | Found a burning altar of Makhleb.
  7609 | D:8      | Found a glowing golden altar of the Shining One.
  7975 | D:8      | Reached ***** piety under Trog
  7975 | D:8      | Received a gift from Trog
  8085 | D:9      | Noticed Grum
  8121 | D:9      | Killed Grum
  8614 | D:9      | Found a staircase to the Orcish Mines.
  8741 | D:10     | Entered Level 10 of the Dungeon
  8875 | D:10     | Noticed Nergalle
  9435 | D:10     | Killed Nergalle
  9555 | D:11     | Found a gate leading to a gauntlet.
  9560 | Gauntlet | Entered a Gauntlet
  9560 | Gauntlet | Found a transporter.
  9560 | Gauntlet | Found a runed translucent gate.
  9560 | Gauntlet | Found a transporter.
  9560 | Gauntlet | Noticed a catoblepas
  9560 | Gauntlet | Noticed a gargoyle
  9563 | Gauntlet | Found a runed translucent gate.
  9564 | Gauntlet | Found a runed translucent gate.
  9579 | Gauntlet | Found a transporter.
  9583 | Gauntlet | Found a transporter.
  9590 | Gauntlet | Found a runed translucent door.
  9593 | Gauntlet | Found a transporter.
  9595 | Gauntlet | Found a transporter.
  9602 | Gauntlet | Noticed a hellion
  9604 | Gauntlet | Found a transporter.
  9618 | Gauntlet | Noticed a cacodemon
  9620 | Gauntlet | Found a transporter.
  9635 | Gauntlet | Found a transporter.
  9639 | Gauntlet | Found a transporter.
  9650 | Gauntlet | Found a transporter.
  9651 | Gauntlet | Found a transporter.
  9715 | Gauntlet | Reached XP level 11. HP: 60/60 MP: 11/11
  9730 | Gauntlet | HP: 1/60 [small abomination (9)]
  9731 | Gauntlet | Mangled by a large abomination

Levels and vault maps discovered:
D:1:      minmay_arrival_plants_in_alcoves, layout_loops_cross,
          minmay_split_cup_small
D:2:      layout_basic, first_ration, chequers_ecumenical_altar_simple
D:3:      layout_basic, zin_treasury
D:4:      layout_rooms, grunt_qazlal_clouds, uniq_natasha
D:5:      layout_loops_ring, minmay_temple_entry_steel_oval,
          nicolae_elemental_shop, kennysheep_generic_room_6, uniq_grinder
D:6:      layout_gridville, basic_altar
D:7:      layout_loops_cross, basic_altar, grunt_livestock,
          palyth_stone_intersect, minmay_between
D:8:      layout_rooms, special_room [special_room_orc],
          nicolae_tso_carved_into_rock
D:9:      layout_rooms, hiddenorc1_lemuel, hangedman_decor_peaks_small,
          nicolae_lava_and_water, uniq_grum
D:10:     layout_long_grid, lair_entry_dummy, hex_medium, uniq_nergalle
D:11:     evilmike_iron_armoury, layout_basic, gauntlet_entry_generic
Gauntlet: minmay_gauntlet_77_indecision [minmay_gauntlet_arena_77_run_for_it,
          minmay_gauntlet_arena_77_squiggly, minmay_gauntlet_arena_77_mirror,
          minmay_gauntlet_arena_77_path, minmay_gauntlet_arena_77_block_sizes,
          minmay_gauntlet_arena_77_checkered, gauntlet_exit_watery]

Skill      XL: |  1  2  3  4  5  6  7  8  9 10 11 |
---------------+----------------------------------+-----
Long Blades    | 3 4 5 7 8 9 |  9.9
Dodging        | 2 3 4 6 7 8 9 |  9.0
Armour         | 3 4 5 7 8 |  8.3
Fighting       | |  3.2

Action                   |  1- 3 |  4- 6 |  7- 9 | 10-12 || total
-------------------------+-------+-------+-------+-------++-------
Melee: Falchion          |   126 |   214 |   453 |   600 ||  1393
       Unarmed           |       |       |       |     5 ||     5
Invok: Berserk           |       |     3 |     8 |     7 ||    18
       Trog's Hand       |       |     3 |     2 |     3 ||     8
Evoke: Wand              |       |       |    11 |     3 ||    14
  Use: Potion            |     1 |     2 |     1 |     4 ||     8
       Scroll            |       |       |     6 |     5 ||    11
 Stab: Invisible         |       |     2 |       |       ||     2
       Sleeping          |       |       |       |     1 ||     1
  Eat: Chunk             |       |     9 |    20 |    17 ||    46
       Ration            |       |       |       |     2 ||     2
Armor: Animal skin       |    17 |       |       |       ||    17
       Ring mail         |    41 |     7 |    71 |   370 ||   489
       Scale mail        |       |    95 |   135 |       ||   230
       Skin              |       |    50 |     4 |     1 ||    55
Dodge: Dodged            |   122 |   136 |   295 |   578 ||  1131
       Rpst.: Falchion   |    44 |    38 |    87 |   167 ||   336

Table legend:
 A = Non-vault XP
 B = Vault XP
 C = Vault XP percentage of total XP
 D = Non-vault monster count
 E = Vault monster count
 F = Vault count percentage of total count
                 A         B        C        D         E       F
            +---------+---------+-------+---------+---------+-------
      Total |    5473 |    3926 |  41.8 |     223 |      59 |  20.9
            +---------+---------+-------+---------+---------+-------
        D:1 |      37 |       3 |   7.5 |      21 |       3 |  12.5
        D:2 |     119 |       0 |   0.0 |      31 |       0 |   0.0
        D:3 |     128 |       0 |   0.0 |      30 |       0 |   0.0
        D:4 |     741 |      35 |   4.5 |      21 |       1 |   4.5
        D:5 |    1032 |     322 |  23.8 |      35 |       2 |   5.4
        D:6 |     467 |       0 |   0.0 |      19 |       0 |   0.0
        D:7 |    1220 |    1021 |  45.6 |      19 |       7 |  26.9
        D:8 |     496 |     204 |  29.1 |      13 |      18 |  58.1
        D:9 |     779 |    1186 |  60.4 |      18 |      24 |  57.1
       D:10 |     268 |     792 |  74.7 |      15 |       1 |   6.2
       D:11 |     186 |       0 |   0.0 |       1 |       0 |   0.0
   Gauntlet |       0 |     363 | 100.0 |       0 |       3 | 100.0
            +---------+---------+-------+---------+---------+-------
